 Dungeon Crawl Stone Soup version 0.31-a0-234-gad7ace16ef (webtiles) character file.

Game seed: 2353749803441102136

88 qw the Shooter (level 4, -10/36 HPs)
             Began as a Minotaur Hexslinger on July 9, 2023.
             Killed by divine providence
             ... invoked by an orc priest
              (13 damage)
             ... on level 3 of the Dungeon.
             The game lasted 00:00:35 (1659 turns).

qw the Shooter (Minotaur Hexslinger)                Turns: 1659, Time: 00:00:36

Health: -10/36     AC:  6    Str: 10 (12) XL:     4   Next: 29%
Magic:  4/4        EV: 10    Int:  9 (10) God:
Gold:   46         SH:  5    Dex: 13 (15) Spells: 4/5 levels left

rFire   . . .        g - +1 sling (heavy)
rCold   . . .        (no shield)
rNeg    . . .        d - +0 ring mail
rPois   .            (helmet restricted)
rElec   .            (no cloak)
rCorr   .            (no gloves)
SInv    .            l - +0 pair of boots
Will    .....        e - amulet of reflection
Stlth   +            (no ring)
HPRegen 0.26/turn    (no ring)
MPRegen 0.09/turn

%: reflection
@: no status effects
A: horns 2, retaliatory headbutt
a: no special abilities


You were on level 3 of the Dungeon.
You visited 1 branch of the dungeon, and saw 3 of its levels.

You collected 46 gold pieces.


Innate Abilities, Weirdness & Mutations

You have a pair of horns on your head.
You reflexively headbutt those who attack you in melee.


   Skills:
 - Level 2.0 Fighting
 + Level 4.6 Ranged Weapons
 - Level 1.0 Armour
 - Level 2.1 Dodging
 - Level 1.0 Spellcasting
 - Level 2.0 Hexes


You had 4 spell levels left.
You knew the following spells:

 Your Spells              Type           Power      Damage    Failure   Level
a - Slow                  Hex            16%        N/A       38%         1

Your spell library contained the following spells:

 Spells                   Type           Power      Damage    Failure   Level
 Inner Flame              Hex/Fire       2%         N/A       88%         3
 Portal Projectile        Hex/Tloc       4%         N/A       88%         3
 Cause Fear               Hex            2%         N/A       99%         4

Inventory:

Hand Weapons
 g - a +1 heavy sling (weapon)
Armour
 d - a +0 ring mail (worn)
 f - a +0 pair of gloves
 l - a +0 pair of boots (worn)
Jewellery
 a - a ring of ice
 e - an amulet of reflection (around neck)
Scrolls
 b - 2 scrolls of identify
 h - a scroll of immolation {unknown}
Potions
 c - a potion of curing {unknown}
 j - a potion of resistance {unknown}
 m - a potion of lignification {unknown}

Dungeon Overview and Level Annotations

Branches:
Dungeon (3/15)

Altars:


Message History

Enter note:
Enter note: You shoot a sling bullet.
The sling bullet hits the orc.
The orc is severely wounded.
The orc hits you with a +0 flail.
You shoot a sling bullet. The sling bullet barely misses the orc.
The sling bullet hits the orc.
The orc is severely wounded.
The orc hits you with a +0 flail.
The orc priest mumbles some strange prayers to Beogh against you.
Beogh smites you!
You shoot a sling bullet. The sling bullet hits the orc.
You kill the orc!
You block the jackal's attack. The orc barely misses you.
You shoot a sling bullet. The sling bullet hits the orc!
You kill the orc!
The jackal bites you but does no damage.
You block the jackal's attack.
The jackal bites you but does no damage.
The orc priest hits you with a +0 hand axe.
The jackal bites you but does no damage.
The jackal bites you.
You feel your strength returning.
You shoot a sling bullet.
The sling bullet hits the orc priest but does no damage.
The jackal barely misses you.
The jackal bites you but does no damage.
The orc priest hits you but does no damage.
The jackal bites you but does no damage. x2
The orc priest hits you with a +0 hand axe.
You shoot a sling bullet. The sling bullet hits the orc priest.
The orc priest is lightly wounded.
The jackal barely misses you. The jackal bites you.
You block the jackal's attack. The jackal closely misses you.
The orc priest invokes the aid of Beogh against you.
Pain shoots through your body! The jackal barely misses you.
You block the jackal's attack.
The orc priest mumbles some strange prayers to Beogh against you.
Beogh smites you!
You die...

..........###..+ ....
######..##..#### ....
####..####..## .....
##....## ###.. ....
#..##.# ##. ...
###.###.# ###..
#+###.##...###.#####..##
#....>o)........##..###
#######@######....###
......hh....##..########
..........#.##.###......
..#
#######.#.#.##..........
#.#. #.#.#....#########
######.#. #.#.#.##.# #
.....#.#.
#.#.#.##.#########
.###.#.#.#
#.#.#............' .#
#.#.#.#
####.#.#.##.#####.###


You could see an orc priest and 2 jackals.

Vanquished Creatures
  Jessica (D:2)
  A worm (D:3)
  A dart slug (D:1)
  7 orcs (D:3)
  2 ball pythons (D:1)
  A bat (D:1)
  2 endoplasms
  2 giant cockroaches (D:1)
  3 goblins
  6 hobgoblins
  6 jackals (D:1)
  3 kobolds
  2 quokkas
  A frilled lizard (D:2)
  5 rats
43 creatures vanquished.

Notes
Turn   | Place    | Note
-------+----------+-------------------------------------------
     0 | D:1      | qw the Minotaur Hexslinger began the quest for the Orb.
     0 | D:1      | Reached XP level 1. HP: 16/16 MP: 1/1
     0 | D:1      | 0 ||| qw: Version: 0.3-a-51-g015441d
     0 | D:1      | 0 ||| qw: Game counter: 4045
     0 | D:1      | 0 ||| qw: Melee chars always use a shield: true
     0 | D:1      | 0 ||| qw: God list: Okawaru
     0 | D:1      | 0 ||| qw: Allow faded altars: false
     0 | D:1      | 0 ||| qw: Do Orc after clearing Dungeon:15 true
     0 | D:1      | 0 ||| qw: Do second Lair branch before Depths: true
     0 | D:1      | 0 ||| qw: Lair rune preference: random
     0 | D:1      | 0 ||| qw: Goals: Normal
     0 | D:1      | 0 ||| PLANNING D:1-11
   104 | D:1      | Reached skill level 3 in Ranged Weapons
   104 | D:1      | Reached XP level 2. HP: 15/23 MP: 2/2
   180 | D:1      | Found a faded altar of an unknown god.
   486 | D:1      | 486 ||| UPGRADING to +0 ring mail.
   496 | D:1      | 496 ||| DROPPING +0 robe.
   497 | D:1      | 497 ||| UPGRADING to +0 pair of boots.
   502 | D:1      | 502 ||| UPGRADING to amulet of reflection.
   507 | D:1      | 507 ||| READING scroll labelled ZENELI KUMINTA.
   508 | D:1      | 508 ||| READING scroll labelled GASKUASTEN.
   553 | D:1      | 553 ||| READING scroll labelled SICHEP UJIU.
   554 | D:1      | 554 ||| READING scroll labelled EBU CONIWKUBLAR.
   555 | D:1      | 555 ||| READING scroll labelled UKOISE MIRIEPT.
   556 | D:1      | 556 ||| DROPPING scroll of poison.
   583 | D:2      | Reached XP level 3. HP: 25/29 MP: 3/3
   754 | D:2      | Noticed Jessica
   759 | D:2      | Killed Jessica
   760 | D:2      | Reached skill level 4 in Ranged Weapons
  1006 | D:2      | 1006 ||| READING scroll labelled SEUSUP WUIS.
  1009 | D:2      | 1009 ||| READING scroll labelled GUVAJA KOCSA.
  1010 | D:2      | 1010 ||| DRINKING 3 smoky coppery potions.
  1011 | D:2      | 1011 ||| DROPPING 2 potions of degeneration.
  1252 | D:3      | Reached XP level 4. HP: 36/36 MP: 4/4
  1281 | D:3      | Reached skill level 1 in Armour
  1658 | D:3      | HP: 6/36 [orc priest/+0 hand axe (4)]
  1659 | D:3      | Killed from afar by an orc priest

Levels and vault maps discovered:
D:1:      psy_arrival_statuary, layout_basic,
          hellmonk_ecumenical_altar_dog_temple
D:2:      layout_rooms, uniq_jessica
D:3:      layout_basic, grunt_decor_clamped, minmay_misc_feat_nine_boxes,
          uniq_crazy_yiuf_cottage

Skill      XL: |  1  2  3  4 |
---------------+-------------+-----
Ranged Weapons | 3 4 |  4.6
Fighting       | 2 |  2.0
Armour         | 1 |  1.0
Dodging        | |  2.1
Spellcasting   | |  1.0
Hexes          | |  2.0

Action                     |  1- 3 |  4- 6 || total
---------------------------+-------+-------++-------
   Fire: Sling             |    88 |    24 ||   112
    Use: Scroll            |     7 |       ||     7
         Potion            |     1 |       ||     1
 Armour: Robe              |     4 |       ||     4
         Ring mail         |     8 |    11 ||    19
  Dodge: Dodged            |    31 |     9 ||    40
  Block: Other             |     7 |     8 ||    15

Table legend:
 A = Non-vault XP
 B = Vault XP
 C = Vault XP percentage of total XP
 D = Non-vault monster count
 E = Vault monster count
 F = Vault count percentage of total count
                 A         B        C        D         E       F
            +---------+---------+-------+---------+---------+-------
      Total |      83 |      43 |  34.1 |      39 |       4 |   9.3
            +---------+---------+-------+---------+---------+-------
        D:1 |      33 |       6 |  15.4 |      18 |       3 |  14.3
        D:2 |      16 |      37 |  69.8 |       9 |       1 |  10.0
        D:3 |      34 |       0 |   0.0 |      12 |       0 |   0.0
            +---------+---------+-------+---------+---------+-------
